 Dungeon Crawl Stone Soup version 0.28-a0-178-ga708605c5b (webtiles) character file.

Game seed: 13462824313464313401

32573 frimble the Warrior (level 13, -4/127 HPs)
             Began as a Minotaur Warper on Aug 18, 2021.
             Was a High Priest of Cheibriados.
             Slain by a vault guard (25 damage)
             ... on level 13 of the Dungeon.
             The game lasted 00:24:31 (17954 turns).

frimble the Warrior (Minotaur Warper)              Turns: 17954, Time: 00:24:32

Health: -4/127     AC: 10    Str: 30    XL:     13   Next: 32%
Magic:  11/16      EV: 17    Int: 26    God:    Cheibriados [*****.]
Gold:   916        SH:  0    Dex: 24    Spells: 13/15 levels left

rFire   . . .      SeeInvis .   a - +4 war axe (vorpal)
rCold   + . .      Faith    .   (no shield)
rNeg    . . .      Spirit   .   o - +1 troll leather armour
rPois   .          Reflect  .   N - +1 hat
rElec   .          Harm     .   K - +0 cloak
rCorr   .          Rampage  .   A - +0 pair of gloves
Will    +....                   i - +1 pair of boots
Stlth   ++........              E - amulet of regeneration
HPRegen 2.31/turn               n - ring of willpower
MPRegen 0.15/turn               t - ring of protection from cold

@: lethally poisoned (-4 -> -5), about to teleport, studying Fighting, very slow
A: horns 2, retaliatory headbutt
a: Renounce Religion, Bend Time, Temporal Distortion, Slouch, Step From Time


You were on level 13 of the Dungeon.
You worshipped Cheibriados.
Cheibriados was extremely pleased with you.
You visited 2 branches of the dungeon, and saw 14 of its levels.
You also visited: Sewer.

You collected 916 gold pieces.

Inventory:

Hand Weapons
 a - a +4 vorpal war axe (weapon)
 b - a +1 hunting sling of flaming
 O - a +4 scimitar of freezing
 X - a +0 scimitar of flaming
Missiles
 d - 10 boomerangs of dispersal (quivered)
 j - 110 sling bullets
 k - 383 stones
Armour
 i - a +1 pair of boots (worn)
 o - a +1 troll leather armour (worn)
 A - a +0 pair of gloves (worn)
 H - a +0 kite shield
 K - a +0 cloak (worn)
 N - a +1 hat (worn)
Jewellery
 h - a ring of resist corrosion
 n - a ring of willpower (left hand)
 r - an amulet of magic regeneration
 t - a ring of protection from cold (right hand)
 E - an amulet of regeneration (around neck)
 F - a ring of positive energy
 M - a +6 ring of intelligence
 R - a ring of fire
Wands
 s - a wand of mindburst (20)
 D - a wand of flame (17)
 L - a wand of paralysis (4)
 Q - a wand of polymorph (13)
 S - a wand of iceblast (22)
Scrolls
 c - a scroll of enchant armour
 f - 14 scrolls of identify
 m - 3 scrolls of teleportation
 q - 2 scrolls of fog
 w - a scroll of magic mapping
 y - 2 scrolls of immolation
 G - a scroll of fear
 I - a scroll of silence
 P - a scroll of enchant weapon
Potions
 e - 4 potions of brilliance
 g - 5 potions of might
 p - 2 potions of curing
 u - a potion of invisibility {unknown}
 v - a potion of flight {unknown}
 x - a potion of mutation {unknown}
 z - a potion of degeneration {unknown}
 B - 2 potions of attraction {unknown}
 C - a potion of ambrosia {unknown}
 T - 4 potions of lignification
 U - 2 potions of heal wounds
Miscellaneous
 l - a phantom mirror (inert)


   Skills:
 + Level 15.4 Fighting
 - Level 6.8 Long Blades
 + Level 12.3 Axes
 - Level 10.1 Throwing
 - Level 1.5 Armour
 - Level 6.3 Dodging
 + Level 5.2 Shields
 - Level 1.5 Spellcasting
 - Level 4.0 Translocations
 + Level 6.3 Invocations
 + Level 5.7 Evocations


You had 13 spell levels left.
You knew the following spells:

 Your Spells              Type           Power      Damage    Failure   Level
a - Blink                 Tloc           N/A        N/A       3%          2

Your spell library contained the following spells:

 Spells                   Type           Power      Damage    Failure   Level
 Apportation              Tloc           46%        N/A       2%          1
 Gell's Gravitas          Tloc           11%        N/A       7%          3
 Lesser Beckoning         Tloc           11%        N/A       7%          3
 Teleport Other           Tloc           23%        N/A       7%          3
 Animate Skeleton         Necr           2%         N/A       12%         1
 Beastly Appendage        Tmut           2%         N/A       12%         1
 Corona                   Hex            1%         N/A       12%         1
 Magic Dart               Conj           4%         1d3       12%         1
 Sting                    Tmut/Pois      4%         1d3       12%         1
 Summon Small Mammal      Summ           4%         N/A       12%         1
 Poisonous Vapours        Pois/Air       2%         N/A       19%         2
 Searing Ray              Conj           2%         3d3       19%         2
 Wereblood                Tmut           1%         N/A       19%         2
 Spider Form              Tmut/Pois      0%         N/A       36%         3
 Manifold Assault         Tloc           23%        N/A       54%         5
 Airstrike                Air            0%         N/A       77%         4
 Fulminant Prism          Conj/Hex       0%         3d6       77%         4
 Leda's Liquefaction      Hex/Erth       0%         N/A       77%         4
 Olgreb's Toxic Radiance  Pois           1%         N/A       77%         4
 Summon Lightning Spire   Summ/Air       1%         N/A       77%         4
 Bolt of Magma            Conj/Fire/Erth 0%         4d4       98%         5
 Lightning Bolt           Conj/Air       0%         1d11      98%         5
 Statue Form              Tmut/Erth      0%         N/A       100%        6


Dungeon Overview and Level Annotations

Branches:
Dungeon (13/15)            Temple (1/1) D:5            Lair (0/6) D:8
    Orc (0/2) D:11          Sewer (visited)
 Vaults: D:13-14

Altars:
Ashenzari
Cheibriados
Dithmenos
Elyvilon
Fedhas
Gozag
Hepliaklqana
Kikubaaqudgha
Makhleb
Nemelex Xobeh
Okawaru
Qazlal
Ru
Sif Muna
Trog
Uskayaw
Vehumet
Wu Jian
Xom
Yredelemnul
Zin
The Shining One

Shops:
D:5 *!   D:6 (

Portals:
Trove: D:12 (give 6 scrolls of fear)


Innate Abilities, Weirdness & Mutations

You have a pair of horns on your head.
You reflexively headbutt those who attack you in melee.


Message History

You headbutt the centaur warrior.
The centaur warrior kicks you but does no damage.
You slash the centaur warrior! You headbutt the centaur warrior!
The centaur warrior is severely wounded.
The centaur shoots an arrow.
The arrow hits you!
Sonja, the Graceful Assassin comes into view.
She is wielding a +0 short sword of venom and quivering curare-tipped darts.
The centaur warrior hits you!
The centaur warrior kicks you but does no damage.
You slash the centaur warrior! You headbutt the centaur warrior.
You kill the centaur warrior!
Cheibriados thoroughly appreciates the change of pace.
You slash Sonja! The vault guard closely misses you. Sonja barely misses you.
Sonja hits you but does no damage.
You are poisoned.
Sonja barely misses you.
You closely miss Sonja.
Sonja is severely wounded.
You feel sick.
The vault guard hits you from afar with a +0 bardiche!
Sonja misses you. x2; Sonja closely misses you.
You can feel time thicken for a moment.
You kill Sonja!
Cheibriados thoroughly appreciates the change of pace.
You feel sick. The vault guard misses you.
The vault guard hits you with a +2 vampiric great sword!!
* * * LOW HITPOINT WARNING * * *
As you read the scroll of teleportation, it crumbles to dust.
You feel strangely unstable.
You feel sick. The vault guard completely misses you.
A wraith comes into view.
You feel sick. The wraith misses you.
The vault guard hits you with a +2 vampiric great sword.
* * * LOW HITPOINT WARNING * * *
The vault guard draws strength from your wounds!
Things that are here:
a +0 short sword of venom; 5 curare-tipped darts; the kobold corpse of Sonja You closely miss the wraith.
You hit the vault guard.
The sentinel's mark upon you fades away.
The vault guard hits you from afar with a +0 bardiche!!
You die...

##...#.###.#
##
#[.........#
#....#.....#
####.#####.#
#.# #.#
#.#####.#
..)§§§#.#
#.##W##.#
#.##@##.#
#.##p##.#
#§§pp§#.# ..
#§§####)#
#.# #c/#
#.#######
..##..#
#........
!..p.##
#.....###
#....#
#...p.#
##...#
#.....#


You could see 3 vault guards and a wraith.

Vanquished Creatures
  Frances (D:12)
  Josephine (D:12)
  2 centaur warriors
  A boulder beetle (D:13)
  A hydra (D:11)
  3 two-headed ogres
  2 tengu warriors (D:12)
  Sonja (D:13)
  2 orc knights
  3 deep elf pyromancers
  3 cyclopes
  Pikel (D:7)
  An ugly thing (D:9)
  5 manticores
  7 centaur zombies
  Joseph (D:7)
  A gargoyle (D:13)
  Maggie (D:7)
  2 kobold demonologists
  2 komodo dragons
  5 trolls
  A hornet (D:9)
  5 slime creatures
  The ghost of jasper the Stinger, an amateur DsVM (D:3)
  A spriggan (D:8)
  26 yaks
  3 wyverns
  A shadow (D:9)
  The ghost of Pooter the Chopper, an amateur MiBe of Trog (D:4)
  A vampire (D:11)
  Eustachio (D:5)
  2 vampire mosquitoes
  5 wraiths
  A golden eye (shapeshifter) (D:13)
  A warg (D:12)
  A two-headed ogre zombie (D:11)
  2 acid dragons
  3 water moccasins (D:5)
  Duvessa (D:7)
  10 orc warriors
  An ice beast (D:8)
  2 hornet zombies (D:7)
  2 black bears
  4 necrophages
  3 ogres
  2 centaurs
  A lemure (D:7)
  A phantom (D:11)
  4 kobold brigands
  4 bullfrogs
  A wyvern zombie (D:6)
  A scorpion (D:6)
  Dowan (D:7)
  A wyvern skeleton (D:7)
  10 killer bees
  A troll zombie (D:11)
  5 wights
  7 howler monkeys
  4 centaur skeletons
  A hound (D:5)
  A bullfrog skeleton (D:3)
  Crazy Yiuf (D:7)
  A jelly (D:3)
  13 orc priests
  A gnoll shaman (D:9)
  2 iguanas
  11 orc wizards
  Natasha (thrice) (D:3)
  2 killer bee zombies (D:7)
  6 ogre zombies (D:11)
  A hound skeleton (D:4)
  A mummy (D:7)
  3 howler monkey zombies
  10 adders
  23 gnolls
  A white imp (D:6)
  7 worms
  6 dart slugs
  43 orcs
  9 endoplasms
  7 giant cockroaches
  9 goblins
  14 hobgoblins
  3 jackals (D:2)
  3 quokkas
  15 ball pythons
  6 bats
  5 frilled lizards
  A goblin skeleton (D:11)
  3 goblin zombies (D:11)
  2 hobgoblin skeletons (D:11)
  6 hobgoblin zombies (D:11)
  17 kobolds
  4 orc skeletons (D:11)
  9 orc zombies (D:11)
  8 rats
426 creatures vanquished.

Vanquished Creatures (others)
  An orc (D:9)
  6 plants (D:3)
  A withered plant (D:7)
8 creatures vanquished.

Grand Total: 434 creatures vanquished

Notes
Turn   | Place    | Note
-------+----------+-------------------------------------------
     0 | D:1      | frimble the Minotaur Warper began the quest for the Orb.
     0 | D:1      | Reached XP level 1. HP: 18/18 MP: 1/1
   406 | D:1      | Reached XP level 2. HP: 18/25 MP: 1/3
  1197 | D:2      | Reached XP level 3. HP: 28/30 MP: 4/4
  1253 | D:2      | Reached skill level 3 in Fighting
  1405 | D:2      | Reached skill level 1 in Axes
  1452 | D:1      | Reached XP level 4. HP: 24/38 MP: 5/5
  1971 | D:2      | Found a faded altar of an unknown god.
  2112 | D:2      | Found a sparkling altar of Nemelex Xobeh.
  2344 | D:3      | Reached XP level 5. HP: 34/46 MP: 6/6
  2373 | D:3      | HP: 1/46 [spore (34)]
  2587 | D:3      | Reached skill level 4 in Fighting
  2645 | D:3      | Found a glowing drain.
  2654 | Sewer    | Entered a sewer
  3018 | Sewer    | Reached XP level 6. HP: 45/53 MP: 7/7
  3929 | D:3      | Reached skill level 5 in Fighting
  4074 | D:3      | Noticed Natasha
  4080 | D:3      | Killed Natasha
  4081 | D:3      | Reached XP level 7. HP: 52/61 MP: 8/8
  4178 | D:3      | Noticed jasper's ghost (amateur DsVM)
  4206 | D:3      | Found a transporter.
  4386 | D:3      | Noticed Natasha
  4396 | D:3      | Killed Natasha
  4428 | D:3      | Noticed Natasha
  4437 | D:3      | Killed Natasha
  4615 | D:3      | Found a transporter.
  5067 | D:4      | Found a runed translucent door.
  5074 | D:4      | Noticed Pooter's ghost (amateur MiBe)
  5949 | D:5      | Entered Level 5 of the Dungeon
  5975 | D:5      | Noticed Eustachio
  6003 | D:5      | Found Goudetat's Distillery.
  6004 | D:5      | Killed Eustachio
  6005 | D:5      | Reached skill level 6 in Fighting
  6005 | D:5      | Reached skill level 5 in Axes
  6136 | D:5      | Found a broken altar of Ashenzari.
  6137 | D:5      | Found an ancient bone altar of Kikubaaqudgha.
  6137 | D:5      | Found a sparkling altar of Nemelex Xobeh.
  6220 | D:5      | Found a staircase to the Ecumenical Temple.
  6437 | D:5      | Reached skill level 5 in Throwing
  6437 | D:5      | Reached XP level 8. HP: 55/71 MP: 9/9
  7098 | D:5      | Found a radiant altar of Vehumet.
  7370 | D:5      | Found Pybijub's Serpentskin Sales.
  7377 | D:5      | Reached skill level 7 in Fighting
  7804 | D:6      | Reached skill level 8 in Fighting
  7808 | D:6      | Learned a level 2 spell: Blink
  8034 | D:6      | Reached XP level 9. HP: 76/81 MP: 10/10
  8381 | D:6      | Reached skill level 9 in Fighting
  9288 | D:6      | Found an ornate altar of the Wu Jian Council.
  9323 | D:6      | Found Fudiquv's Weapon Emporium.
  9615 | D:7      | Reached skill level 10 in Fighting
  9615 | D:7      | Reached XP level 10. HP: 75/93 MP: 11/11
  9870 | D:7      | HP: 3/139 [hornet zombie (9)]
 10174 | D:7      | Found a shadowy altar of Dithmenos.
 10205 | D:7      | Noticed Pikel
 10217 | D:7      | Killed Pikel
 10218 | D:7      | Reached skill level 10 in Axes
 10268 | D:7      | Noticed Joseph
 10858 | D:7      | Found a runed translucent door.
 10859 | D:7      | Noticed Crazy Yiuf
 10953 | D:7      | Noticed a two-headed ogre
 10974 | D:7      | Killed a two-headed ogre
 11071 | D:7      | Noticed Dowan
 11073 | D:7      | Noticed Duvessa
 11079 | D:7      | Killed Dowan
 11085 | D:7      | Killed Duvessa
 11086 | D:7      | Reached skill level 11 in Fighting
 11210 | D:7      | Noticed Maggie
 11224 | D:7      | Killed Maggie
 11565 | D:7      | Killed Joseph
 11649 | D:7      | Killed Crazy Yiuf
 12167 | D:8      | Found a staircase to the Lair.
 12565 | D:9      | Reached XP level 11. HP: 96/96 MP: 12/12
 12693 | D:9      | Noticed a deep elf pyromancer
 12711 | D:9      | Noticed a green ugly thing
 12720 | D:9      | Killed a deep elf pyromancer
 12721 | D:9      | Reached skill level 10 in Throwing
 12871 | D:9      | Reached skill level 12 in Fighting
 12963 | Temple   | Entered the Ecumenical Temple
 13056 | Temple   | Became a worshipper of Cheibriados the Contemplative
 13171 | D:4      | Killed Pooter's ghost
 13498 | D:3      | Killed jasper's ghost
 13723 | D:9      | Killed a green ugly thing
 13724 | D:9      | Reached skill level 1 in Invocations
 13724 | D:9      | Reached skill level 1 in Evocations
 13792 | D:9      | Reached * piety under Cheibriados
 14101 | D:9      | Noticed an eight-headed hydra
 14118 | D:9      | Noticed a deep elf pyromancer
 14141 | D:9      | Killed a deep elf pyromancer
 14232 | D:10     | Entered Level 10 of the Dungeon
 14586 | D:10     | Reached ** piety under Cheibriados
 14742 | D:10     | Reached skill level 5 in Dodging
 15011 | D:10     | Reached skill level 13 in Fighting
 15102 | D:10     | Noticed an orc knight
 15118 | D:10     | Killed an orc knight
 15227 | D:11     | Reached *** piety under Cheibriados
 15307 | D:11     | Found a staircase to the Orcish Mines.
 15331 | D:11     | Noticed an eight-headed hydra
 15346 | D:11     | Killed a three-headed hydra
 15347 | D:11     | Reached XP level 12. HP: 64/115 MP: 11/13
 15416 | D:11     | Reached **** piety under Cheibriados
 15571 | D:11     | Noticed a two-headed ogre
 15582 | D:11     | Killed a two-headed ogre
 15918 | D:11     | Noticed a two-headed ogre
 15938 | D:11     | Killed a two-headed ogre
 16059 | D:11     | Noticed a centaur warrior
 16070 | D:11     | Killed a centaur warrior
 16071 | D:11     | Reached skill level 14 in Fighting
 16129 | D:11     | Reached ***** piety under Cheibriados
 16130 | D:11     | Reached skill level 1 in Shields
 16687 | D:12     | Reached skill level 5 in Long Blades
 16861 | D:12     | Reached skill level 5 in Invocations
 16931 | D:12     | Noticed a tengu warrior
 16937 | D:12     | Noticed a tengu warrior
 16948 | D:12     | Killed a tengu warrior
 16950 | D:12     | Killed a tengu warrior
 17164 | D:12     | Noticed Josephine
 17185 | D:12     | Killed Josephine
 17186 | D:12     | Reached skill level 5 in Evocations
 17272 | D:12     | Reached XP level 13. HP: 124/125 MP: 16/16
 17389 | D:12     | Found a portal to a secret trove of treasure.
 17462 | D:12     | Reached skill level 15 in Fighting
 17742 | D:13     | Noticed Frances
 17761 | D:12     | Killed Frances
 17916 | D:13     | Reached skill level 5 in Shields
 17948 | D:13     | Noticed Sonja
 17951 | D:13     | Killed Sonja
 17954 | D:13     | Slain by a vault guard

Illustrated notes

Levels and vault maps discovered:
D:1:      lightli_iron_boxes, layout_loops_ring
D:2:      layout_rooms, hellmonk_ecumenical_altar_blasted, basic_altar,
          kennysheep_boxes
D:3:      layout_loops_ring, gammafunk_ghost_gnarly_gnolls,
          gup_sewer_entry_bubbles, uniq_natasha
D:4:      layout_loops_corners, ebering_ghost_sewer_d, hangedman_decor_opposing
D:5:      layout_basic, nicolae_overflow_quartered_altars,
          minmay_temple_entry_butterflies, serial_shops, shop,
          guppyfry_shop_venom, uniq_eustachio
D:6:      layout_gridville, nicolae_wu_jian_immortal_techniques, serial_shops,
          shop, serial_glass, glass_columns_b, glass_columns_a, glass_columns_a,
          glass_columns_b
D:7:      layout_layer_cave, nicolae_dithmenos_the_darkroom, serial_undead,
          serial_undead_c, serial_undead_a, serial_undead_e, serial_undead_d,
          uniq_crazy_yiuf_cottage, uniq_maggie, uniq_duvessa, uniq_joseph,
          uniq_pikel
D:8:      layout_loops_ring, lair_entry_dummy, the_hattery
D:9:      layout_rooms, minmay_the_grid_2x2 [minmay_the_grid_mess,
          minmay_the_grid_tiny_cups, minmay_the_grid_rooms,
          minmay_the_grid_prize_big_room]
D:10:     cheibrodos_orc_bank, layout_irregular_city
D:11:     layout_grid_maze, zombieorc2_lemuel, st_stairs_3
D:12:     layout_rooms, enter_trove_3, uniq_josephine
D:13:     layout_basic, erik_vaults_2, grunt_decor_mini_mirrors,
          nicolae_transmutations_shop, chequers_arboretum, uniq_sonja,
          uniq_frances
Temple:   lightli_temple_of_artemis

Skill      XL: |  1  2  3  4  5  6  7  8  9 10 11 12 13 |
---------------+----------------------------------------+-----
Fighting       | 3 4 5 6 8 10 11 13 14 15 | 15.4
Axes           | 1 3 4 5 7 9 11 12 | 12.3
Throwing       | 2 3 5 6 8 9 10 | 10.1
Dodging        | 3 5 6 |  6.3
Invocations    | 3 5 6 |  6.3
Evocations     | 3 5 |  5.7
Long Blades    | 3 6 |  6.8
Translocations | 4 |  4.0
Shields        | 4 5 |  5.2
Armour         | |  1.5
Spellcasting   | |  1.5

Action                   |  1- 3 |  4- 6 |  7- 9 | 10-12 | 13-15 || total
-------------------------+-------+-------+-------+-------+-------++-------
Melee: Falchion          |    40 |       |       |       |       ||    40
       Headbutt          |     8 |    18 |    57 |   239 |    26 ||   348
       Hand axe          |    29 |   160 |   279 |   778 |    39 ||  1285
       Scimitar          |       |       |       |    55 |       ||    55
       War axe           |       |       |       |       |    10 ||    10
 Fire: Hunting sling     |       |     4 |    36 |    67 |    30 ||   137
Throw: Throwing net      |       |       |       |     4 |       ||     4
 Cast: Blink             |       |       |       |    13 |     1 ||    14
Invok: Slouch            |       |       |       |       |     1 ||     1
Evoke: Wand              |       |       |       |    17 |     4 ||    21
       Phantom mirror    |       |       |       |     1 |     1 ||     2
  Use: Scroll            |       |     6 |       |    15 |     3 ||    24
       Potion            |       |     7 |     1 |     9 |       ||    17
 Stab: Paralysed         |       |       |       |     7 |       ||     7
       Held in net/web   |       |       |       |     6 |       ||     6
       Sleeping          |       |       |       |     1 |       ||     1
Armor: Leather armour    |    21 |    38 |    93 |    17 |       ||   169
       Skin              |       |       |       |    46 |       ||    46
       Steam dragon scal |       |       |       |   188 |       ||   188
       Troll leather arm |       |       |       |    11 |    11 ||    22
Dodge: Dodged            |    48 |   113 |   161 |   471 |    46 ||   839
       Rpst.: Falchion   |     9 |       |       |       |       ||     9
       Scimitar          |       |       |       |    12 |       ||    12

Table legend: (Time is in decaauts)
 A = Elapsed time spent in this place.
 B = Non-inter-level travel time spent in this place.
 C = Inter-level travel time spent in this place.
 D = Time resting spent in this place.
 E = Time spent auto-exploring this place.
 F = Levels seen in this place.
 G = Mean time per level.
                   A        B        C        D        E       F      G
               +--------+--------+--------+--------+--------+-----+--------+
         Total |  19830 |  18474 |   1356 |    209 |  14959 |  15 | 1322.0 |
       Dungeon |  18516 |  17178 |   1338 |    173 |  13926 |  13 | 1424.3 |
        Temple |    111 |     93 |     18 |      0 |     86 |   1 |  111.0 |
         Sewer |   1203 |   1203 |      0 |     36 |    947 |   1 | 1203.0 |
               +--------+--------+--------+--------+--------+-----+--------+

Top non-repeatable levels by time:
     D:5: 2712 daAuts
    D:11: 2238 daAuts
     D:7: 2129 daAuts
     D:3: 1630 daAuts
     D:1: 1619 daAuts
     D:4: 1517 daAuts
    D:12: 1441 daAuts
    D:10: 1357 daAuts
   Sewer: 1203 daAuts
     D:6: 1038 daAuts
     D:8: 1018 daAuts
     D:9: 748 daAuts
     D:2: 746 daAuts
    D:13: 317 daAuts
  Temple: 111 daAuts
